 Dungeon Crawl Stone Soup version 0.26.1-11-gd32895ea62 (webtiles) character file.

Game seed: 17550968671444989125

92 Descartes the Ducker (level 4, -17/22 HPs)
             Began as a Spriggan Warper on May 7, 2021.
             Was an Initiate of Gozag.
             Demolished by an ogre
             ... wielding a +0 giant club
              (22 damage)
             ... on level 2 of the Dungeon.
             The game lasted 00:05:26 (3717 turns).

Descartes the Ducker (Spriggan Warper)              Turns: 3717, Time: 00:05:28

Health: -17/22     AC:  4    Str:  7    XL:     4   Next: 35%
Magic:  9/9        EV: 20    Int: 15    God:    Gozag
Gold:   262        SH:  0    Dex: 15    Spells: 6/8 levels left

rFire    . . .     SeeInvis +   a - +0 short sword
rCold    . . .     Faith    .   (shield restricted)
rNeg     . . .     Spirit   .   q - +2 robe {Will+}
rPois    .         Reflect  .   (helmet restricted)
rElec    .         Harm     .   (no cloak)
rCorr    .         Rampage  .   (gloves unavailable)
Will     +....                  (boots unavailable)
Stlth    ++........             t - amulet of the acrobat
HPRegen  0.07/turn              (no ring)
MPRegen  0.11/turn              (no ring)

@: very quick
A: very small, unfitting armour, see invisible, speed 3
a: Renounce Religion, Potion Petition, Call Merchant, Bribe Branch


You were on level 2 of the Dungeon.
You worshipped Gozag.
Gozag was aware of your devotion.
You visited 1 branch of the dungeon, and saw 3 of its levels.

You collected 323 gold pieces.
You paid 61 gold pieces to Gozag.

Inventory:

Hand Weapons
 a - a +0 short sword (weapon)
Missiles
 e - 5 boomerangs of dispersal (quivered)
 f - 67 stones
 h - 23 sling bullets
 j - 26 arrows
 k - 34 poisoned darts
 w - 2 boomerangs
Armour
 q - a +2 robe of willpower (worn)
Jewellery
 s - an uncursed amulet of faith
 t - an amulet of the acrobat (around neck)
Wands
 v - a wand of disintegration (15)
Scrolls
 c - 3 scrolls of remove curse {unknown}
 d - 2 scrolls of blinking
 i - a scroll of random uselessness {unknown}
 l - a scroll of fear {unknown}
 m - 2 scrolls of identify {unknown}
 o - a scroll of enchant weapon {unknown}
 p - a scroll of amnesia {unknown}
 r - a scroll of noise {unknown}
 x - 3 scrolls of teleportation {unknown}
Potions
 b - a potion of magic {unknown}
 g - 5 potions of curing {unknown}
 n - 2 potions of berserk rage {unknown}
 u - a potion of heal wounds {unknown}


   Skills:
 - Level 1.5 Fighting
 + Level 3.4 Short Blades
 - Level 1.0 Throwing
 + Level 5.0 Dodging
 + Level 3.6 Stealth
 - Level 2.6 Spellcasting
 - Level 4.4 Translocations


You had 6 spell levels left.
You knew the following spells:

 Your Spells              Type           Power        Failure   Level
a - Blink                 Tloc           N/A          5%          2

Your spell library contained the following spells:

 Spells                   Type           Power        Failure   Level
 Gell's Gravitas          Tloc           7%           11%         3
 Lesser Beckoning         Tloc           7%           11%         3
 Teleport Other           Tloc           15%          11%         3
 Passage of Golubria      Tloc           N/A          34%         4


Dungeon Overview and Level Annotations

Branches:
Dungeon (3/15)

Altars:
Gozag


Innate Abilities, Weirdness & Mutations

You are very small and have problems with some larger weapons.
You are too small for most types of armour.
You have supernaturally acute eyesight. (SInv)
You cover ground extremely quickly.


Message History

The killer bee zombie is heavily damaged.
The killer bee zombie hits you. The bat hits you.
The killer bee zombie closely misses you.
The ooze hits you but does no damage.
You hit the killer bee zombie.
The killer bee zombie is heavily damaged.
The bat completely misses you. The killer bee zombie hits you.
* * * LOW HITPOINT WARNING * * *
You hit the killer bee zombie.
The killer bee zombie is severely damaged.
The killer bee zombie barely misses you.
The bat completely misses you. The ooze barely misses you.
The killer bee zombie closely misses you.
The bat barely misses you. The killer bee zombie misses you.
The ooze completely misses you. The killer bee zombie misses you.
You climb upwards.
The ogre hits you with a +0 giant club!!
Ouch! That really hurt!
You die...
Your body crumbles into a pile of gold.

...........#............#
.......#.###.##.........#
.......#.# #..........#.#
.......#.# ##.#....####.#
.......#.# #...........#
###'##.#.####..#..#####.#####
#.##......................#
#.####.........b......##### #.#
######...@###.##.# ###.#######
#..J.O......#######
..........####...###.##.......#
#########...............#######
#.......##.###<......#####
8.##.##.8#.###...........#
..##.##..#.#.....###.#####
.......[W#...##.........##
..©....._#©..##..........#


You could see an ogre, an ooze and a bat.

Vanquished Creatures
  4 adders
  An ooze (D:1)
  A worm (D:2)
  A dart slug (D:2)
  A leopard gecko (D:2)
  An orc (D:3)
  9 bats
  3 giant cockroaches (D:2)
  4 goblins
  4 hobgoblins
  2 jackals (D:2)
  2 kobolds
  A quokka (D:2)
  2 ball pythons (D:1)
  7 frilled lizards
  A quokka zombie (D:3)
  4 rats
48 creatures vanquished.

Notes
Turn   | Place    | Note
-------+----------+-------------------------------------------
     0 | D:1      | Descartes the Spriggan Warper began the quest for the Orb.
     0 | D:1      | Reached XP level 1. HP: 10/10 MP: 5/5
   306 | D:1      | Reached skill level 1 in Stealth
   475 | D:1      | Reached XP level 2. HP: 14/14 MP: 6/6
   690 | D:1      | Reached skill level 4 in Dodging
  1445 | D:2      | Found an opulent altar of Gozag.
  1447 | D:2      | Noticed an ogre
  1447 | D:2      | Noticed a phantom
  1452 | D:2      | Found a transporter.
  1460 | D:2      | Found a transporter.
  1475 | D:2      | Learned a level 2 spell: Blink
  1483 | D:2      | Became a worshipper of Gozag Ym Sagoz the Greedy
  1843 | D:2      | Reached XP level 3. HP: 18/18 MP: 8/8
  2455 | D:2      | Reached XP level 4. HP: 22/22 MP: 9/9
  3337 | D:2      | Reached skill level 5 in Dodging
  3717 | D:2      | Demolished by an ogre

Illustrated notes

Levels and vault maps discovered:
D:1:      dpeg_arrival_pond, layout_loops_cross
D:2:      layout_basic, gammafunk_temple_overflow_arena,
          wander_ebering_terrifying_dragon_lair
D:3:      layout_rooms

Skill      XL: |  1  2  3  4 |
---------------+-------------+-----
Stealth        | 1 2 3 |  3.6
Dodging        | 4 5 |  5.0
Short Blades   | 3 |  3.4
Fighting       | |  1.5
Throwing       | |  1.0
Spellcasting   | |  2.6
Translocations | |  4.4

Action                   |  1- 3 |  4- 6 || total
-------------------------+-------+-------++-------
Melee: Short sword       |   198 |    81 ||   279
 Stab: Sleeping          |     3 |     2 ||     5
Armor: Robe              |    35 |    10 ||    45
Dodge: Dodged            |   205 |   116 ||   321
